[Event "Snabbschacks-KM 2025"]
[Site "Linköping, Sweden"]
[Date "2025.05.20"]
[Round "7.1"]
[White "Nyberg, Peter"]
[Black "Rogoz, Vladyslav"]
[Result "1-0"]
[TimeControl "15 min + 5 sek"]
[WhiteElo "1984"]
[BlackElo "2108"]

1. c4 e6 2. e4 b6 3. Nc3 Bb7 4. g3 Bb4 5. Nge2 f5 6. a3 Bxc3 7. Nxc3 fxe4 8. Bg2 Nf6 9. d3 d5 10.
Bg5 Nbd7 11. cxd5 exd3 12. O-O O-O 13. Re1 h6 14. dxe6 Bxg2 15. e7 Qc8 16. exf8=Q+ Nxf8 17. Bxf6 Qh3 18.
Re7 gxf6 19. Qb3+ Kh8 20. Qf7 Qg4 21. Qxf6+ Kg8 22. Kxg2 Rd8 23. Rg7+ Qxg7 24. Qxd8 c5 25. Qxd3 Ne6 26. Nd5 Nd4 27. Qe4 Qg5 28.
Re1 Nf5 29. h4 Qg6 30. Qe6+ Qxe6 31. Rxe6 h5 32. Ne7+ Kf7 33. Nxf5 Kxe6 34. Ng7+ Kd5 35. Nxh5 Kc4 36. Nf4 Kb3 37. Nd3 Kc2 38. h5 c4 39. Ne5 Kxb2 40. Nxc4+ Kb3 41. Nxb6 axb6 42. h6 Kxa3 43. h7 b5 44. h8=Q b4 45. Qa8+ Kb2 46. Qb7 Kc3 47. g4 b3 48. g5 Kc2 49. g6 1-0

[Event "Snabbschacks-KM 2025"]
[Site "Linköping, Sweden"]
[Date "2025.05.20"]
[Round "7.2"]
[White "Andersson, Mats 1960"]
[Black "Davidsson, Asker"]
[Result "1-0"]
[TimeControl "15 min + 5 sek"]
[WhiteTitle "FM"]
[WhiteElo "2225"]
[BlackElo "1796"]

1. c4 c5 2. g3 Nc6 3. Bg2 g6 4. Nc3 Bg7 5. d3 e5 6. Nf3 Nge7 7. Nd2 O-O 8. Nf1 d6 9. Ne3 f5 10.
Ned5 h6 11. a3 Nxd5 12. Nxd5 Ne7 13. b4 e4 14. Rb1 Nxd5 15. cxd5 exd3 16. Qxd3 b6 17. O-O Kh7 18. Bb2 Bxb2 19.
Rxb2 f4 20. Be4 Bf5 21. Rd2 fxg3 22. hxg3 Qg5 23. Bxf5 Qxf5 24. e4 Qf3 25. bxc5 bxc5 26. Rb1 Rf7 27. Qxf3 Rxf3 28. Rb7+ Kg8 29. Rd7 Rxa3 30. Rxd6 Kf7 31.
Rb2 Re8 32. Rb7+ Re7 33. Rxe7+ Kxe7 34. Rxg6 c4 35. Rc6 Ra1+ 36. Kg2 Rc1 37. e5 a5 38. Rc7+ Kd8 39. d6 Re1 40. f4 Rc1 41. Ra7 Ra1 42.
e6 Kc8 43. d7+ 1-0

[Event "Snabbschacks-KM 2025"]
[Site "Linköping, Sweden"]
[Date "2025.05.20"]
[Round "7.3"]
[White "Andersson, Fredrik 1969"]
[Black "Olsson, Simon"]
[Result "0-1"]
[TimeControl "15 min + 5 sek"]
[WhiteElo "1754"]
[BlackElo "2048"]

1. d4 Nf6 2. Nc3 d5 3. Bf4 c5 4. e4 dxe4 5. dxc5 Nc6 6. Nb5 e5 7. Qxd8+ Kxd8 8. O-O-O+ Ke7 9. Bg5 h6 10.
Bxf6+ Kxf6 11. Nc7 Rb8 12. Nd5+ Kg6 13. f3 exf3 14. Nxf3 Bxc5 15. Bd3+ f5 16. g4 Rd8 17. gxf5+ Kf7 18.
Bc4 Kf8 19. Rhe1 Bxf5 20. Nxe5 g6 21. Nxc6 bxc6 22. Nf4 Rxd1+ 23. Kxd1 Rd8+ 24. Kc1 Re8 25. Rf1 Be3+ 26. Kb1 Bxf4 0-1

[Event "Snabbschacks-KM 2025"]
[Site "Linköping, Sweden"]
[Date "2025.05.20"]
[Round "7.4"]
[White "Gustafsson, Nils"]
[Black "Thornqvist, Ofelia"]
[Result "0-1"]
[TimeControl "15 min + 5 sek"]
[WhiteElo "1861"]
[BlackElo "1881"]

1. e4 e5 2. Nf3 Nc6 3. Bc4 Nf6 4. d3 h6 5. O-O d6 6. c3 g6 7. Re1 Bg7 8. d4 Bg4 9. d5 Ne7 10.
h3 Bd7 11. Qb3 Qc8 12. Nbd2 O-O 13. Nf1 Nh5 14. Bd3 g5 15. N1h2 Nf4 16. Bxf4 gxf4 17. c4 Kh7 18. Bf1 Rg8 19.
Kh1 Bf6 20. Rac1 Ng6 21. c5 Rg7 22. cxd6 c6 23. dxc6 bxc6 24. Qc4 Nh4 25. Rc2 Qg8 26. Nxh4 Bxh4 27. Nf3 Bf6 28. b3 Rg6 29.
Rd1 Qg7 30. Qa6 Rg8 31. Qb7 Bxh3 32. gxh3 Rg1+ 33. Kh2 Rxf1 34. Qxf7 Qxf7 35. Rxf1 Qd7 36. Rd1 Bd8 37. Nxe5 Qg7 38. Ng4 h5 39. Rg1 hxg4 40. Rxg4 Qe5 0-1

[Event "Snabbschacks-KM 2025"]
[Site "Linköping, Sweden"]
[Date "2025.05.20"]
[Round "7.5"]
[White "Zoupounidis, Christos"]
[Black "Stefanovic, Dragan 1958"]
[Result "1-0"]
[TimeControl "15 min + 5 sek"]
[WhiteElo "1604"]
[BlackElo "1780"]

1. d4 Nf6 2. c4 e5 3. Nc3 exd4 4. Qxd4 Nc6 5. Qd1 Bb4 6. Bg5 h6 7. Bh4 Bxc3+ 8. bxc3 d6 9. e3 g5 10.
Bg3 Ne4 11. Qc2 Nxg3 12. hxg3 Qf6 13. Ne2 Ne5 14. Nd4 Bd7 15. Be2 a6 16. f4 Nc6 17. Bf3 Qe7 18. Kf2 g4 19. Bxc6 bxc6 20.
Rab1 c5 21. Nf5 Qf6 22. Qe4+ Be6 23. Qxa8+ Kd7 24. Qxa6 Qxf5 25. Qa4+ Ke7 26. Rb7 Bd7 27. Rxc7 Kd8 28. Qa5 Qc2+ 29.
Kg1 Ke7 30. Kh2 Rb8 31. Qa7 Rd8 32. Qb7 h5 33. Qd5 h4 34. Qg5+ Ke8 35. Qxh4 Qg6 36. Rf1 f6 37. f5 Qg7 38.
Rf4 Kf7 39. Qxg4 Qh7+ 40. Kg1 Ke8 41. Qh4 Qe7 42. Qh8+ Kf7 43. Qh7+ Kf8 44. Qh6+ Kf7 45. Rg4 Qxe3+ 46. Qxe3 1-0

[Event "Snabbschacks-KM 2025"]
[Site "Linköping, Sweden"]
[Date "2025.05.20"]
[Round "7.7"]
[White "Leijon, Noah"]
[Black "Qwarfort, Fredrik"]
[Result "0-1"]
[TimeControl "15 min + 5 sek"]
[WhiteElo "1621"]
[BlackElo "1827"]

1. e4 c5 2. Nf3 Nc6 3. d4 cxd4 4. Nxd4 Nf6 5. Nc3 g6 6. Bc4 Bg7 7. Be3 O-O 8. Qd2 a6 9. O-O-O Nxd4 10. Bxd4 b5 11. Bd5 Nxd5 12.
Nxd5 d6 13. Bxg7 Kxg7 14. h4 h5 15. f3 Rh8 16. Rdg1 Bb7 17. g4 Bxd5 18. Qxd5 hxg4 19. Rxg4 Rc8 20. h5 Rc5 21. Qd4+ e5 22.
Qd2 Qf6 23. Qd1 Rh6 24. hxg6 Rxg6 25. Rhg1 Rc8 26. Qd5 Qe7 27. Rxg6+ fxg6 28. Rd1 Rd8 29. Qc6 Rf8 30. Rxd6 Qg5+ 31. Rd2 Rxf3 32. Qc7+ Kh6 33.
c3 Qf4 34. Qd8 Rf1+ 35. Kc2 Qxe4+ 36. Qd3 Qxd3+ 37. Rxd3 Rf6 38. Re3 Re6 39. Kd3 g5 40. c4 bxc4+ 41. Kxc4 g4 42. Kd5 Re8 43.
b4 Kg5 44. a4 Kf4 45. Re4+ Kf3 46.
b5 axb5 47. axb5 Rd8+ 48. Kxe5 Re8+ 49. Kd6 Rxe4 50. b6 Rb4 51.
Kc7 g3 52. b7 g2 53. b8=Q Rxb8 0-1

[Event "Snabbschacks-KM 2025"]
[Site "Linköping, Sweden"]
[Date "2025.05.20"]
[Round "7.8"]
[White "Wallenberg, Per"]
[Black "Martinelle, Christoffer"]
[Result "0-1"]
[TimeControl "15 min + 5 sek"]
[WhiteElo "1604"]
[BlackElo "1806"]

1. d4 e6 2. c4 f5 3. Nf3 Nf6 4. Nc3 c6 5. Bg5 d5 6. e3 Be7 7. Be2 Nbd7 8. cxd5 exd5 9. h3 h6 10.
Bf4 O-O 11. O-O Ne4 12. Ne5 Nxe5 13. Bxe5 Bd6 14. Bxd6 Qxd6 15. Nxe4 fxe4 16. Bg4 Qg6 17. Bxc8 Raxc8 18. Qg4 Qxg4 19.
hxg4 Rf6 20. Kh2 Rcf8 21. Kg3 Kh7 22. f4 a5 23. Rh1 Rd6 24. g5 Rg6 25. Raf1 Rc8 26. Kg4 Rf8 27. f5 Rxg5+ 28. Kh3 Rgxf5 29. Rxf5 Rxf5 30. Rh2 Rf2 31. g4 Rxh2+ 32. Kxh2 Kg6 33. Kg3 Kg5 34. a3 a4 0-1

[Event "Snabbschacks-KM 2025"]
[Site "Linköping, Sweden"]
[Date "2025.05.20"]
[Round "7.9"]
[White "Andersson, Albin"]
[Black "Larsson, Emma 2008"]
[Result "0-1"]
[TimeControl "15 min + 5 sek"]
[WhiteElo "1728"]
[BlackElo "1848"]

1. e4 d5 2. exd5 Nf6 3. d4 Nxd5 4. c4 Nb6 5. Nf3 c6 6. Bf4 Bf5 7. Nc3 e6 8. Be2 Be7 9. Qd2 N8d7 10.
h3 Bg6 11. Bd3 Nf6 12. Bxg6 hxg6 13. b3 Bb4 14. a3 Ne4 15. Nxe4 Bxd2+ 16. Bxd2 Qc7 17. O-O-O a5 18. a4 Qe7 19.
Kc2 Nd7 20. Rhe1 O-O 21. h4 b5 22. axb5 cxb5 23. c5 b4 24. Bf4 Rfc8 25. Nd6 Rc6 26. Kb2 a4 27. Ng5 axb3 28. Ngxf7 Ra2+ 29.
Kxb3 Rca6 30. Bc1 Nf6 31. Ne5 Rxf2 32. Nxg6 Qa7 33. Rd2 Rxd2 34. Bxd2 Ra3+ 35. Kc2 Ra2+ 36. Kd1 Qa4+ 37. Ke2 Qc2 38. Ne7+ Kh7 39. Rd1 Nd5 40. Nxd5 exd5 41. Nb5 Qc4+ 42. Ke1 Qxb5 43. Rc1 Qd3 44. Rd1 Qe4+ 45. Kf2 Qxd4+ 46. Kf3 Qe4+ 47. Kg3 Ra3+ 48. Kf2 Qxh4+ 49. Ke2 Qg4+ 50.
Kf2 Qxd1 0-1

[Event "Snabbschacks-KM 2025"]
[Site "Linköping, Sweden"]
[Date "2025.05.20"]
[Round "7.10"]
[White "Jakobsson, Leif"]
[Black "Skytt, Klas"]
[Result "1-0"]
[TimeControl "15 min + 5 sek"]
[WhiteElo "1702"]
[BlackElo "1705"]

1. e4 c5 2. Nc3 Nc6 3. Bc4 d6 4. d3 e6 5. f4 g6 6. Nf3 Bg7 7. O-O Nge7 8. Qe1 O-O 9. Nh4 Nd4 10.
Qf2 Nec6 11. a3 Nxc2 12. Qxc2 Qxh4 13. g3 Qh3 14. Nb5 Bd4+ 15. Nxd4 Nxd4 16. Qg2 Qxg2+ 17. Kxg2 a6 18. Rf2 b5 19.
Ba2 Bb7 20. Be3 Nf5 21. Bd2 Ne7 22. Rc1 Rac8 23. g4 d5 24. e5 d4+ 25. Kg3 Bd5 26. b3 Rc6 27. Ba5 Rfc8 28. Rfc2 Kg7 29.
h4 h6 30. Bd2 R8c7 31. b4 Bxa2 32. Rxa2 c4 33. dxc4 Rxc4 34. Rxc4 Rxc4 35. Ra1 Nd5 36. Rc1 Nb6 37. Kf3 Rxc1 38.
Bxc1 Nc4 39. Ke4 f5+ 40. gxf5 gxf5+ 41. Kxd4 Kf7 42. a4 Ke7 43. axb5 axb5 44. Kc5 Nxe5 45. Kd5 1-0